 Dungeon Crawl Stone Soup version 0.23.2-30-g0e89c35649 (webtiles) character file.

Game seed: 18119551835795355470

407 Kobolds4U the Sneak (level 6, -10/30 HPs)
             Began as a Spriggan Enchanter on June 17, 2019.
             Was a Follower of Sif Muna.
             Killed by divine providence
             ... invoked by an orc priest
              (15 damage)
             ... on level 4 of the Dungeon.
             The game lasted 00:17:49 (6200 turns).

Kobolds4U the Sneak (Spriggan Enchanter)            Turns: 6200, Time: 00:17:50

Health: -10/30     AC:  2    Str:  5    XL:     6   Next: 57%
Magic:  12/14      EV: 18    Int: 17    God:    Sif Muna [*.....]
Gold:   181        SH:  0    Dex: 20    Spells: 6/15 levels left

rFire    + . .     SeeInvis +   y - +0 rapier (speed)
rCold    . . .     Gourm    .   (shield restricted)
rNeg     . . .     Faith    .   b - +0 robe
rPois    .         Spirit   .   (helmet restricted)
rElec    .         Reflect  .   (no cloak)
rCorr    .         Harm     .   (gloves unavailable)
MR       +....                  (boots unavailable)
Stlth    ++++......             (no amulet)
HPRegen  0.10/turn              o - ring of protection from fire
MPRegen  0.14/turn              A - +3 ring of dexterity

@: very quick
A: very small, unfitting armour, see invisible, herbivore, speed 3, slow
metabolism 2
a: Divine Energy, Renounce Religion


You were on level 4 of the Dungeon.
You worshipped Sif Muna.
Sif Muna was aware of your devotion.
You were hungry.

You visited 1 branch of the dungeon, and saw 4 of its levels.

You collected 181 gold pieces.

Inventory:

Hand Weapons
 a - a +1 dagger
 f - a -1 short sword
 i - a +0 dagger
 y - a +0 rapier of speed (weapon)
Missiles
 x - 2 tomahawks (quivered)
Armour
 b - a +0 robe (worn)
 p - a +0 pair of gloves
Jewellery
 e - an uncursed ring of ice
 o - a ring of protection from fire (left hand)
 t - an uncursed ring of protection from fire
 A - a +3 ring of dexterity (right hand)
Scrolls
 c - a scroll of fog {unknown}
 g - 3 scrolls of remove curse
 h - a scroll of noise {unknown}
 j - 2 scrolls of magic mapping {unknown}
 k - 2 scrolls of identify {unknown}
 l - 2 scrolls of enchant armour {unknown}
 q - a scroll of blinking {unknown}
 r - 6 scrolls of teleportation
 u - 2 scrolls of amnesia {unknown}
 v - a scroll of enchant weapon {unknown}
Potions
 m - a potion of might {unknown}
 n - a potion of brilliance {unknown}
 s - a potion of degeneration {unknown}
 w - 2 potions of lignification {unknown}
 z - 2 potions of heal wounds {unknown}
Comestibles
 d - 4 rations


   Skills:
 - Level 1.0 Fighting
 + Level 1.9 Short Blades
 - Level 3.0 Dodging
 + Level 7.4 Stealth
 - Level 5.0 Spellcasting
 - Level 1.1 Conjurations
 - Level 4.1 Hexes
 * Level 2.0 Ice Magic


You had 6 spell levels left.
You knew the following spells:

 Your Spells              Type           Power        Failure   Level  Hunger
a - Corona                Hex            ###....      2%          1    None
b - Ensorcelled Hibernat  Hex/Ice        ##....       6%          2    #......
c - Dazzling Spray        Conj/Hex       ##....       14%         3    ###....
d - Tukima's Dance        Hex            ###.....     8%          3    ###....

Your spell library contained the following spells:

 Spells                   Type           Power        Failure   Level  Hunger
 Confuse                  Hex            ###.....     8%          3    ###....


Dungeon Overview and Level Annotations

Branches:
Dungeon (4/15)
 Temple: D:4-7

Altars:
Qazlal
Sif Muna

Annotations:
D:2 Robin


Innate Abilities, Weirdness & Mutations

You are very small and have problems with some larger weapons.
You are too small for most types of armour.
You have supernaturally acute eyesight. (SInv)
You are a herbivore.
You cover ground extremely quickly.
You need to consume almost no food.


Message History

The orc priest is heavily wounded.
You hit the orc priest.
The orc priest is heavily wounded.
The orc priest calls down the wrath of Beogh upon you.
Beogh smites you!
Ouch! That really hurt!
* * * LOW HITPOINT WARNING * * *
You hit the orc priest but do no damage.
The orc priest is heavily wounded.
The orc priest barely misses you.
Casting: Ensorcelled Hibernation (safe; 6% risk of failure)
Confirm with . or Enter, or press ? or * to list all spells.
Aiming: Ensorcelled Hibernation (safe; 6% risk of failure)
Press: ? - help, Shift-Dir - straight line, f - orc priest
Aim: an orc priest, wielding a +0 club and wearing a cursed +0 leather armour (heavily wounded, chance to defeat MR: 45%)
The orc priest resists with some effort.
The orc priest calls down the wrath of Beogh upon you.
Beogh smites you!
Ouch! That really hurt!
You die...

#.# #..
#.# ###
#.# #.#
#.# #.#
#.# #.#
#@# #.#
#.o......
#########


You could see an orc priest.

Vanquished Creatures
  A howler monkey (D:4)
  A centaur skeleton (D:3)
  An orc wizard (D:4)
  An orc priest (D:3)
  A bullfrog skeleton (D:4)
  Natasha (D:2)
  2 worker ants (D:4)
  A hound skeleton (D:4)
  A howler monkey zombie (D:3)
  2 gnolls (D:3)
  3 adders
  3 worms
  3 leopard geckos
  9 orcs
  2 ball pythons
  9 bats
  3 giant cockroaches
  17 goblins
  7 hobgoblins
  14 jackals
  A quokka (D:2)
  2 frilled lizards (D:1)
  6 kobolds
  8 rats
99 creatures vanquished.

Notes
Turn   | Place    | Note
-------+----------+-------------------------------------------
     0 | D:1      | Kobolds4U the Spriggan Enchanter began the quest for the
                  | Orb.
     0 | D:1      | Reached XP level 1. HP: 9/9 MP: 5/5
   419 | D:1      | Reached XP level 2. HP: 13/13 MP: 7/7
   423 | D:1      | Learned a level 2 spell: Ensorcelled Hibernation
  1207 | D:1      | Reached XP level 3. HP: 16/16 MP: 6/9
  1846 | D:2      | Noticed Natasha
  2133 | D:2      | Learned a level 3 spell: Dazzling Spray
  2137 | D:2      | Learned a level 3 spell: Tukima's Dance
  2149 | D:2      | Found a deep blue altar of Sif Muna.
  2224 | D:2      | Became a worshipper of Sif Muna the Loreminder
  2551 | D:2      | Reached skill level 1 in Fighting
  2812 | D:2      | Noticed Robin
  3029 | D:2      | Reached skill level 1 in Ice Magic
  3029 | D:2      | Reached XP level 4. HP: 20/22 MP: 7/11
  3294 | D:2      | Killed Natasha
  3294 | D:2      | Reached skill level 5 in Stealth
  3963 | D:3      | Reached XP level 5. HP: 25/25 MP: 12/12
  4011 | D:3      | Reached skill level 6 in Stealth
  4245 | D:3      | Reached skill level 1 in Conjurations
  5555 | D:4      | Reached skill level 7 in Stealth
  5824 | D:4      | Found a stormy altar of Qazlal.
  5827 | D:4      | Noticed an air elemental
  5827 | D:4      | Noticed a fire elemental
  5827 | D:4      | Noticed a water elemental
  5908 | D:4      | Reached skill level 5 in Spellcasting
  5908 | D:4      | Reached XP level 6. HP: 30/30 MP: 14/14
  5995 | D:4      | Reached * piety under Sif Muna
  6200 | D:4      | Killed from afar by an orc priest

Skill      XL: |  1  2  3  4  5  6 |
---------------+-------------------+-----
Spellcasting   | 3 4 5 |  5.0
Hexes          | 4 |  4.1
Fighting       | 1 |  1.0
Ice Magic      | 1 2 |  2.0
Stealth        | 5 7 |  7.4
Conjurations   | 1 |  1.1
Short Blades   | |  1.9
Dodging        | |  3.0

Action                   |  1- 3 |  4- 6 || total
-------------------------+-------+-------++-------
Melee: Dagger            |    25 |       ||    25
       Short sword       |   190 |   170 ||   360
       Rapier            |       |    62 ||    62
 Cast: Corona            |     6 |       ||     6
       Ensorcelled Hiber |    26 |    38 ||    64
       Dazzling Spray    |     4 |     1 ||     5
  Use: Scroll            |       |     2 ||     2
 Stab: Sleeping          |    26 |    37 ||    63
       Distracted        |     1 |       ||     1
  Eat: Ration            |     1 |     2 ||     3
Armor: Robe              |    44 |    18 ||    62
Dodge: Dodged            |   203 |   168 ||   371
